Map: Jagannatha EC

Players

ShaDoWn - Winner!

  • Race: Protoss Protoss
  • Spawn Location: 1:00

ArT

  • Race: Protoss Protoss
  • Spawn Location: 7:00

Event: DreamHack SC2 Masters 2020 Winter

VOD

Have the link to the VOD?

Description

Time

  • Played on: Oct. 16, 2020, 3:09 p.m.
  • Length: 13:38

All games in this series

Show
View Real Time Build Order
Export as new Build Order

ShaDoWn Protoss - Winner!

Build Orders: Phoenix Opening 

Get SALT Encoding   

  12  0:00  Probe  
  13  0:12  Probe  
  14  0:17  Pylon  
  14  0:24  Probe  
  15  0:36  Probe (Chrono Boost)  
  15  0:37  Gateway  
  16  0:44  Assimilator  
  16  0:47  Probe (Chrono Boost)  
  17  0:53  Probe (Chrono Boost)  
  17  0:56  Assimilator  
  18  1:05  Probe (Chrono Boost)  
  18  1:09  Gateway  
  19  1:14  Probe (Chrono Boost)  
  20  1:19  Probe (Chrono Boost)  
  20  1:25  Cybernetics Core  
  21  1:31  Probe  
  22  1:38  Pylon  
  22  1:43  Probe  
  23  1:56  Probe  
  23  1:58  Warp Gate (Chrono Boost)  
  23  2:01  Stalker x2  
  28  2:10  Probe  
  28  2:14  Pylon  
  29  2:23  Probe  
  30  2:31  Pylon  
  30  2:32  Sentry  
  34  2:37  Sentry  
  34  2:48  Nexus  
  34  2:51  Probe  
  35  2:57  Shield Battery  
  35  3:03  Probe  
  38  3:06  Phoenix  
  38  3:07  Pylon  
  36  3:14  Sentry  
  36  3:15  Probe  
  39  3:23  Twilight Council  
  39  3:27  Probe  
  40  3:39  Probe (Chrono Boost)  
  40  3:41  Forge  
  41  3:51  Probe (Chrono Boost)  
  42  4:00  Blink, Probe (Chrono Boost)  
  43  4:04  Probe (Chrono Boost)  
  43  4:09  Probe (Chrono Boost)  
  45  4:12  Protoss Ground Weapons Level 1 (Chrono Boost)  
  45  4:16  Probe (Chrono Boost)  
  46  4:21  Robotics Facility  
  46  4:22  Probe (Chrono Boost)  
  48  4:25  Probe (Chrono Boost)  
  48  4:27  Assimilator  
  48  4:30  Probe (Chrono Boost)  
  49  4:34  Probe (Chrono Boost)  
  49  4:35  Probe (Chrono Boost)  
  51  4:42  Probe  
  52  4:45  Probe  
  52  4:46  Stalker  
  52  4:47  Stalker  
  52  4:51  Pylon  
  56  4:54  Probe  
  56  4:58  Probe  
  55  5:06  Probe  
  56  5:09  Observer  
  56  5:10  Probe  
  56  5:11  Nexus  
  56  5:12  Pylon  
  58  5:18  Probe  
  58  5:21  Gateway  
  59  5:23  Gateway, Probe  
  59  5:26  Pylon  
  59  5:27  Stalker  
  62  5:30  Probe  
  62  5:32  Observer  
  62  5:35  Probe  
  65  5:36  Stalker  
  67  5:42  Probe  
  67  5:45  Pylon  
  67  5:47  Probe  
  69  5:55  Probe  
  70  5:59  Probe  
  71  6:06  Gateway  
  71  6:07  Stalker, Gateway, Shield Battery, Probe  
  71  6:10  Protoss Ground Weapons Level 2 (Chrono Boost)  
  74  6:11  Stalker  
  74  6:13  Probe (Chrono Boost)  
  77  6:19  Probe (Chrono Boost)  
  80  6:27  Probe (Chrono Boost)  
  80  6:30  Gateway x2, Probe x2 (Chrono Boost)  
  80  6:31  Charge (Chrono Boost)  
  81  6:34  Probe (Chrono Boost)  
  82  6:47  Stalker x4, Observer  
  82  6:49  Pylon  
  82  6:53  Shield Battery  
  90  7:03  Stalker  
  90  7:04  Stalker  
  94  7:11  Stalker x3  
  94  7:12  Zealot  
  102  7:22  Pylon  
  102  7:24  Pylon  
  98  7:40  Stalker x5  
  98  7:43  Zealot x3  
  114  7:50  Probe  
  114  7:51  Probe  
  112  7:58  Probe  
  112  8:01  Nexus  
  112  8:02  Pylon  
  112  8:03  Photon Cannon  
  112  8:04  Zealot x2  
  117  8:06  Pylon  
  115  8:17  Zealot x2  
  117  8:21  Stalker x2  
  117  8:22  Stalker x2  
  117  8:24  Zealot x2  
  129  8:35  Nexus  
  129  8:36  Probe x2  
  131  8:45  Protoss Ground Weapons Level 3 (Chrono Boost)  
  131  8:46  Probe  
  133  8:48  Photon Cannon, Probe  
  133  8:52  Pylon x2  
  133  8:57  Pylon  
  133  9:00  Shield Battery  
  133  9:02  Shield Battery  
  133  9:10  Probe x2  
  133  9:11  Zealot x5  
  133  9:13  Zealot  
  133  9:14  Zealot  
  149  9:19  Dark Shrine  
  149  9:23  Zealot  
  149  9:27  Probe x2  
  123  9:57  Probe  
  110  10:03  Probe  
  110  10:04  Stalker x6  
  110  10:05  Stalker x2  
  110  10:06  Probe  
  126  10:08  Photon Cannon  
  126  10:10  Shield Battery  
  126  10:16  Probe x2  
  126  10:20  Gateway  
  128  10:22  Gateway, Nexus  
  128  10:25  Assimilator  
  128  10:29  Pylon  
  128  10:39  Photon Cannon  
  128  10:42  Zealot x6  
  134  10:43  Zealot x2, Shield Battery  
  144  10:50  Shadow Stride (Chrono Boost)  
  144  11:01  Warp Prism (Chrono Boost)  
  144  11:02  Zealot  
  144  11:03  Zealot x7  
  162  11:13  Probe x3  
  162  11:15  Shield Battery  
  162  11:17  Photon Cannon  
  161  11:29  Zealot x9  
  171  11:39  Observer  
  124  11:55  Probe  
  124  11:56  Zealot x9  
  124  11:57  Zealot  
  124  12:00  Observer  
  124  12:01  Observer  
  127  12:20  Stalker x9  
  143  12:25  Probe  
  143  12:28  Probe  
  143  12:29  Probe  
  146  12:32  Observer  
  147  12:38  Dark Templar  
  149  12:49  Dark Templar x6  
  161  12:56  Stalker  
  161  12:57  Stalker  
  159  13:13  Zealot x2  
  159  13:17  Observer (Chrono Boost)  
  150  13:23  Zealot x5  
  150  13:24  Zealot  
Show
View Real Time Build Order
Export as new Build Order

ArT Protoss 

Build Orders:  

Get SALT Encoding   

  12  0:00  Probe  
  13  0:12  Probe  
  14  0:17  Pylon  
  14  0:24  Probe (Chrono Boost)  
  15  0:37  Gateway, Probe (Chrono Boost)  
  16  0:44  Probe (Chrono Boost)  
  16  0:46  Assimilator  
  17  0:51  Probe  
  17  0:56  Assimilator  
  18  1:03  Probe  
  19  1:15  Probe  
  19  1:16  Gateway  
  20  1:26  Cybernetics Core  
  20  1:28  Probe  
  21  1:36  Pylon  
  21  1:40  Probe  
  22  1:52  Probe  
  23  2:01  Warp Gate (Chrono Boost)  
  23  2:03  Stalker x2  
  23  2:08  Probe  
  28  2:19  Pylon  
  28  2:20  Probe  
  29  2:32  Probe  
  29  2:35  Sentry  
  31  2:37  Sentry  
  33  2:53  Nexus  
  33  2:59  Shield Battery  
  33  3:02  Probe  
  34  3:06  Sentry  
  34  3:12  Pylon  
  36  3:14  Probe  
  37  3:26  Probe  
  38  3:30  Twilight Council  
  38  3:38  Probe  
  38  3:39  Shield Battery  
  39  3:50  Probe (Chrono Boost)  
  40  3:56  Forge  
  40  4:01  Probe (Chrono Boost)  
  41  4:07  Probe (Chrono Boost)  
  41  4:09  Adept x2  
  47  4:11  Probe (Chrono Boost)  
  47  4:15  Probe (Chrono Boost)  
  49  4:18  Probe (Chrono Boost)  
  49  4:20  Blink, Probe (Chrono Boost)  
  50  4:25  Protoss Ground Weapons Level 1 (Chrono Boost)  
  50  4:29  Probe (Chrono Boost)  
  51  4:33  Probe (Chrono Boost)  
  53  4:40  Phoenix, Robotics Facility, Probe (Chrono Boost)  
  53  4:41  Probe (Chrono Boost)  
  53  4:44  Pylon  
  53  4:45  Probe (Chrono Boost)  
  54  4:47  Probe  
  56  4:55  Probe  
  56  4:59  Probe  
  56  5:03  Assimilator  
  56  5:04  Gateway  
  54  5:07  Probe  
  54  5:13  Nexus, Probe  
  56  5:16  Pylon  
  56  5:19  Probe  
  57  5:25  Probe  
  57  5:27  Observer (Chrono Boost)  
  59  5:30  Gateway  
  59  5:35  Probe  
  60  5:36  Gateway  
  60  5:37  Gateway  
  60  5:41  Probe  
  61  5:45  Stalker x2  
  61  5:48  Probe  
  66  5:51  Pylon  
  66  5:53  Probe  
  67  5:59  Stalker  
  67  6:00  Probe  
  67  6:03  Warp Prism (Chrono Boost), Pylon  
  70  6:08  Probe  
  73  6:18  Probe  
  74  6:20  Stalker x2  
  74  6:23  Stalker  
  80  6:27  Probe x2  
  82  6:35  Stalker x3  
  82  6:36  Observer  
  82  6:39  Protoss Ground Weapons Level 2 (Chrono Boost)  
  89  6:45  Pylon  
  89  6:57  Assimilator, Probe  
  89  6:58  Stalker x3  
  89  6:59  Stalker x2  
  100  7:06  Pylon  
  100  7:11  Pylon, Probe x2  
  100  7:13  Probe  
  100  7:14  Pylon  
  103  7:17  Stalker  
  103  7:22  Stalker x3  
  109  7:31  Stalker x2  
  109  7:33  Probe x2  
  113  7:44  Stalker  
  115  7:48  Stalker  
  115  7:49  Stalker  
  116  7:51  Probe  
  116  7:54  Gateway  
  116  7:55  Gateway  
  116  7:56  Assimilator  
  116  7:57  Pylon  
  116  7:58  Assimilator  
  116  8:00  Stalker x2  
  116  8:02  Photon Cannon  
  120  8:06  Stalker  
  120  8:07  Stalker  
  124  8:14  Probe  
  124  8:19  Photon Cannon  
  123  8:24  Observer  
  123  8:27  Photon Cannon, Robotics Bay  
  123  8:28  Phoenix, Pylon  
  121  8:39  Protoss Ground Weapons Level 3 (Chrono Boost)  
  121  8:42  Robotics Facility  
  121  8:43  Dark Shrine  
  121  8:46  Nexus  
  117  8:56  Adept x2  
  117  9:00  Pylon  
  117  9:01  Probe  
  117  9:02  Probe  
  123  9:14  Disruptor (Chrono Boost)  
  123  9:15  Probe  
  127  9:24  Stalker x5  
  127  9:25  Stalker x2  
  137  9:32  Disruptor  
  138  9:42  Stalker  
  129  9:49  Stalker x4  
  129  9:50  Stalker  
  125  9:56  Zealot x2, Shield Battery x2  
  125  9:57  Shadow Stride (Chrono Boost)  
  105  10:16  Nexus  
  105  10:18  Pylon  
  105  10:19  Probe  
  105  10:20  Probe  
  107  10:22  Pylon  
  107  10:24  Nexus  
  107  10:31  Observer  
  106  10:36  Stalker x8  
  122  10:44  Pylon, Disruptor (Chrono Boost)  
  122  10:47  Photon Cannon  
  122  10:49  Shield Battery  
  126  10:51  Probe x2  
  126  10:54  Observer (Chrono Boost)  
  126  10:56  Charge  
  128  10:59  Observer  
  128  11:04  Pylon, Probe x2  
  128  11:11  Dark Templar x3  
  131  11:22  Dark Templar  
  131  11:23  Dark Templar  
  130  11:32  Dark Templar  
  122  11:37  Zealot x2  
  107  11:42  Probe x3 (Chrono Boost)  
  107  11:43  Dark Templar  
  107  11:44  Zealot  
  98  11:53  Probe (Chrono Boost)  
  81  11:57  Dark Templar  
  81  11:58  Dark Templar  
  69  12:02  Probe (Chrono Boost)  
  69  12:15  Probe x2  
  61  12:31  Stalker x6  
  61  12:32  Stalker  
  61  12:36  Probe (Chrono Boost)  
  77  12:42  Probe (Chrono Boost)  
  74  12:45  Probe (Chrono Boost)  
  74  12:49  Stalker, Probe (Chrono Boost)  
  72  12:58  Stalker x4  
  73  13:00  Shield Battery  
  73  13:01  Probe  
  66  13:10  Zealot x2  
  66  13:12  Zealot  
  59  13:13  Probe  
Tags
 
Add a new tag
Caveats
  • Supply blocks, unpowered buildings, or Contaminate may cause inaccurate times.
  • Supply counts are checked every 10 seconds.